 Dungeon Crawl Stone Soup version 0.31.0-32-g396128a36d (webtiles) character file.

Game seed: 743033464170391831

23 monsoonserge the Changeling (level 2, 0/18 HPs)
             Began as an Octopode Shapeshifter on Apr 10, 2024.
             Slain by a quokka (1 damage)
             ... on level 1 of the Dungeon.
             The game lasted 00:02:12 (824 turns).

monsoonserge the Changeling (Octopode Shapeshifter)  Turns: 824, Time: 00:02:12

Health: 0/18       AC:  1    Str: 13    XL:     2   Next: 95%
Magic:  2/2        EV: 13    Int: 12    God:
Gold:   14         SH:  0    Dex: 11    Spells: 1/1 levels left

rFire   . .          .
                       - Unarmed
rCold   . . .        (no shield)
rNeg    . . .        (helmet currently unavailable)
rPois   .            (no amulet)
rElec   .            (no ring)
rCorr   .            (no ring)
SInv    .            (no ring)
Will    .....        (no ring)
Stlth   +++          (no ring)
HPRegen 0.23/turn    (no ring)
MPRegen 0.08/turn    (no ring)
                     (no ring)

%: no passive effects
@: beast-form
A: beast (slay +1), almost no armour, amphibious, 8 rings, camouflage 1,
gelatinous body 1, (nimble swimmer 1), tentacles
a: Begin Untransformation


You were on level 1 of the Dungeon.
You were a hulking beast.
You visited 1 branch of the dungeon, and saw 2 of its levels.

You collected 14 gold pieces.

Inventory:

Missiles
 d - 5 javelins (quivered)
Talismans
 b - a beast talisman
 c - a flux talisman
Scrolls
 e - a scroll of teleportation {unknown}
 f - a scroll of poison {unknown}
 h - a scroll of identify {unknown}
 i - a scroll of amnesia {unknown}
 j - a scroll of enchant weapon {unknown}
 k - a scroll of silence {unknown}
Potions
 a - a potion of lignification
 g - a potion of enlightenment {unknown}


   Skills:
 * Level 1.5 Fighting
 * Level 2.0 Dodging
 * Level 1.7 Stealth
 + Level 3.2 Unarmed Combat
 * Level 3.2 Shapeshifting


You had one spell level left.
You didn't know any spells.
Your spell library contained the following spells:

 Spells                   Type           Power      Damage    Failure   Level
 Leda's Liquefaction      Alch/Erth      0%         N/A       97%         4
 Lee's Rapid Deconstruct  Erth           0%         3d4*      100%        5
 Bombard                  Conj/Erth      0%         9d1       100%        6


Dungeon Overview and Level Annotations

Branches:
Dungeon (2/15)

Altars:

Annotations:
D:2 Robin


Innate Abilities, Weirdness & Mutations

You are a hulking beast.
Your limbs bulge with bestial killing power. (Slay +1)
You cannot wear most types of armour.
You are amphibious.
You can wear up to eight rings at the same time.
Your skin changes colour to match your surroundings (Stealth+).
Your rubbery body absorbs attacks. (AC +1, EV +1)
((You are camouflaged when in or above water. (Stealth+)))
You have tentacles for arms and can constrict up to eight enemies at once.


Message History

You completely miss the goblin. You grab the goblin. You squeeze the goblin.
You kill the goblin!
You constrict the hobgoblin. The hobgoblin hits you.
You barely miss the hobgoblin. You tentacle-slap the hobgoblin.
You kill the hobgoblin!
You see here a +0 club.
There is an open door here.
There is a stone staircase leading down here.
You start resting.
HP restored.
You climb downwards.
Level annotation: Robin The quokka barely misses you.
The goblin shoots a sling bullet.
The sling bullet hits you. The goblin barely misses you.
The goblin hits you with a +0 dagger. The goblin misses you.
The quokka closely misses you.
There is a stone staircase leading up here.
The quokka bites you. The goblin barely misses you.
Robin throws the goblin at you! The goblin closely misses you.
The goblin hits you with a +0 dagger.
The goblin unwields a +0 sling.
The goblin wields a +0 dagger.
The goblin misses you.
You climb upwards.
There is a stone staircase leading down here.
Unknown command.
You bludgeon the goblin!
You kill the goblin!
The quokka twitches its whiskers.
The goblin hits you with a +0 dagger. The goblin hits you with a +0 club.
* * * LOW HITPOINT WARNING * * *
Unknown command.
Press: ? - help, v - describe, . - travel
Here: a goblin, wielding a +0 dagger The floor.
Unknown command.
You bludgeon the goblin!
You kill the goblin!
The quokka barely misses you. The goblin hits you with a +0 dagger.
* * * LOW HITPOINT WARNING * * *
The quokka bites you.
You die...

##### #...#######
##############.#r#.....#####
...............gh#.###.#...#
##......######.#)#.#.#.#.#.#
#......# ###.#.#.#.#.#.#.#
#......# #.....#.#.#.#.#.#
#......# #.....'.#.....#.#
#......#
#.....#####.###.####
#......# #.....#
#.#......### #......#
#.....# #.#.#.##....
#......# #####.#
#.#.#.....#.


You could see a quokka and a goblin.

Vanquished Creatures
  A dart slug (D:1)
  4 goblins (D:1)
  3 hobgoblins (D:1)
  3 quokkas (D:1)
  3 ball pythons (D:1)
  A bat (D:1)
  A frilled lizard (D:1)
  3 kobolds (D:1)
  4 rats (D:1)
23 creatures vanquished.

Notes
Turn   | Place    | Note
-------+----------+-------------------------------------------
     0 | D:1      | monsoonserge the Octopode Shapeshifter began the quest for
                  | the Orb.
     0 | D:1      | Reached XP level 1. HP: 13/13 MP: 1/1
   123 | D:1      | Reached skill level 1 in Stealth
   123 | D:1      | Reached XP level 2. HP: 18/18 MP: 2/2
   766 | D:2      | Identified the +0 helmet of Limited Liability {Str+7 Dex-4}
   766 | D:2      | Noticed Robin
   824 | D:1      | Slain by a quokka

Illustrated notes

Levels and vault maps discovered:
D:1:      dpeg_arrival_boxorama, layout_basic
D:2:      layout_rooms, serial_shops, shop, uniq_terence, uniq_robin

Skill      XL: |  1 |
---------------+----+-----
Stealth        | 1 |  1.7
Fighting       | |  1.5
Dodging        | |  2.0
Unarmed Combat | |  3.2
Shapeshifting  | |  3.2

Action                     || total
---------------------------++-------
  Melee: Unarmed           ||    39
         Constrict         ||    11
         Tentacles         ||     8
         Punch             ||     1
   Stab: Sleeping          ||     4
 Armour: Skin              ||    23
  Dodge: Dodged            ||    31
